Map: Cañón atribulado

Players

MrFercho

  • Race: Zerg Zerg
  • League: Gold
  • Spawn Location: 6:00

tigro

  • Race: Terran Terran
  • League: Bronze
  • Spawn Location: 7:00

TATORREA

  • Race: Protoss Protoss
  • League: Gold
  • Spawn Location: 6:00

Dunsidian - Winner!

  • Race: Zerg Zerg
  • League: Platinum
  • Spawn Location: 12:00

BigBadVader - Winner!

  • Race: Protoss Protoss
  • League: Gold
  • Spawn Location: 3:00

BigBadstoner - Winner!

  • Race: Terran Terran
  • Spawn Location: 12:00

VOD

Have the link to the VOD?

Description

Time

  • Played on: July 23, 2020, 8:56 p.m.
  • Length: 17:21
Show
View Real Time Build Order
Export as new Build Order

MrFercho Zerg 

Build Orders: Hatch First, Lurkers 

Get SALT Encoding   

  12  0:01  Drone  
  13  0:13  Overlord  
  13  0:21  Drone  
  14  0:31  Drone x2  
  16  0:52  Hatchery  
  16  0:54  Drone  
  16  0:57  Drone  
  16  1:01  Drone  
  18  1:08  Extractor  
  17  1:27  Drone x2  
  19  1:37  Spawning Pool  
  18  1:41  Drone x2  
  20  2:07  Drone  
  20  2:08  Drone  
  21  2:13  Drone  
  20  2:26  Queen x2  
  20  2:29  Overlord  
  24  2:30  Overlord  
  24  2:31  Drone x2  
  26  2:41  Drone x2  
  28  3:01  Zergling x2  
  28  3:02  Zergling x4  
  31  3:07  Lair  
  31  3:10  Drone x2  
  33  3:13  Drone  
  33  3:16  Drone  
  35  3:27  Drone x2  
  37  3:41  Queen  
  39  3:48  Drone x4  
  39  3:49  Drone  
  39  3:55  Metabolic Boost  
  44  4:03  Extractor  
  44  4:05  Drone  
  44  4:07  Overlord x2  
  44  4:08  Overlord  
  44  4:32  Drone x2  
  44  4:33  Drone  
  44  4:37  Drone x5  
  52  4:41  Extractor x2  
  50  4:46  Zergling x2  
  51  4:57  Zergling x2  
  51  4:58  Zergling x6  
  55  5:01  Hatchery  
  55  5:04  Nydus Network  
  53  5:07  Evolution Chamber  
  53  5:08  Hatchery  
  53  5:13  Zergling x2, Hydralisk Den  
  53  5:14  Zergling x10  
  56  5:17  Drone  
  57  5:36  Zerg Melee Weapons Level 1  
  57  5:43  Muscular Augments  
  57  5:55  Spine Crawler  
  56  5:59  Spine Crawler  
  55  6:09  Spine Crawler  
  55  6:10  Drone x2  
  55  6:11  Drone x12, Spine Crawler  
  67  6:26  Drone  
  67  6:27  Drone  
  69  6:34  Hydralisk x2  
  69  6:35  Hydralisk x3  
  79  6:42  Lurker Den  
  79  6:46  Drone, Spire  
  79  6:47  Drone  
  79  6:50  Overlord  
  79  6:54  Grooved Spines  
  79  7:31  Drone  
  79  7:32  Drone x2  
  79  7:33  Drone x3  
  79  7:36  Drone  
  79  7:37  Drone x2  
  88  7:38  Overlord x5  
  88  7:39  Overlord  
  85  8:19  Infestation Pit  
  84  8:21  Zerg Missile Weapons Level 1  
  84  8:31  Drone x5  
  84  8:32  Drone x9  
  98  8:48  Spore Crawler  
  98  8:50  Spore Crawler  
  96  8:59  Spore Crawler  
  96  9:00  Spore Crawler  
  92  9:07  Spore Crawler  
  91  9:12  Zerg Flyer Weapons Level 1  
  91  9:16  Hydralisk x17  
  91  9:17  Hydralisk x2  
  129  9:34  Extractor  
  129  9:36  Extractor  
  127  9:39  Extractor  
  127  9:44  Extractor  
  125  9:47  Drone  
  125  9:48  Drone  
  125  9:49  Overlord x3  
  125  9:50  Overlord x6  
  127  10:04  Hive  
  127  10:07  Hydralisk x9  
  145  10:15  Zerg Missile Weapons Level 2  
  145  10:26  Hydralisk x12  
  169  10:39  Drone x6  
  175  11:07  Nydus Canal  
  175  11:29  Overseer x3  
  175  11:30  Hydralisk x6  
  175  11:31  Hydralisk x2  
  191  11:56  Nydus Canal  
  182  12:28  Hydralisk x8  
  182  12:29  Hydralisk x12  
  191  12:30  Hydralisk  
  191  12:31  Hydralisk x4  
  191  12:33  Hydralisk  
  190  12:38  Zerg Missile Weapons Level 3  
  190  12:41  Zerg Flyer Weapons Level 2  
  190  12:43  Corruptor  
  192  12:47  Overlord x10  
  192  13:05  Queen  
  194  13:16  Hatchery  
  179  14:21  Hydralisk x4  
  179  14:22  Hydralisk x6  
  199  14:30  Lurker  
  186  14:47  Lurker x3  
  186  14:48  Lurker  
  180  14:58  Corruptor  
  180  14:59  Corruptor x9  
  189  15:16  Spore Crawler  
  142  15:51  Hydralisk  
  142  15:52  Hydralisk x23  
  142  15:53  Hydralisk x6  
  94  16:37  Hydralisk x14  
  94  16:38  Hydralisk x2  
Show
View Real Time Build Order
Export as new Build Order

tigro Terran 

Build Orders:  

Get SALT Encoding   

  12  0:03  SCV  
  13  0:17  Supply Depot  
  13  0:18  SCV  
  14  0:30  SCV  
  15  0:42  SCV  
  16  0:44  Barracks  
  16  0:54  Refinery, SCV  
  17  1:28  SCV  
  18  1:36  Marine  
  19  1:40  SCV  
  20  1:52  SCV  
  20  1:54  Marine  
  22  2:04  SCV  
  22  2:11  Marine  
  23  2:37  Supply Depot  
  23  2:58  Marine, SCV  
  25  3:07  Refinery  
  25  3:16  Marine  
  26  3:38  Factory  
  26  3:42  SCV  
  27  3:49  Barracks Tech Lab  
  27  3:54  SCV  
  28  4:01  Engineering Bay  
  28  4:14  Combat Shield  
  28  4:17  Marine  
  28  4:21  Orbital Command  
  29  4:24  Factory Tech Lab  
  29  4:35  Marine  
  30  4:43  Starport  
  30  4:53  Marine  
  31  5:11  Marine, Siege Tank  
  35  5:21  Starport  
  35  5:29  Marine  
  35  5:31  Medivac  
  35  5:32  Command Center  
  35  5:33  Stimpack  
  38  5:46  Marine  
  39  6:12  Marine  
  39  6:16  Starport Tech Lab  
  39  6:17  Starport Tech Lab  
  40  6:28  Armory  
  40  6:32  Siege Tank  
  43  6:39  Terran Infantry Weapons Level 1  
  43  6:45  Refinery  
  43  6:56  SCV  
  44  7:04  Supply Depot  
  45  7:08  SCV  
  45  7:20  SCV  
  46  7:32  SCV  
  47  7:38  Missile Turret  
  42  7:44  SCV  
  43  7:56  SCV  
  33  8:21  SCV  
  34  8:33  SCV  
  35  8:45  SCV  
  36  8:56  Missile Turret  
  36  9:02  Siege Tank  
  37  9:12  Marine  
  38  9:29  Marine  
  39  9:32  Terran Infantry Armor Level 1  
  39  9:47  Marine  
  40  10:05  Marine  
  41  10:14  Command Center  
  30  10:23  Marine  
  27  10:48  Siege Tank  
  30  10:52  Terran Vehicle Weapons Level 1  
  30  10:53  Command Center  
  30  11:25  Marine  
  24  11:26  Terran Infantry Weapons Level 2  
  22  11:43  Marine  
  22  11:44  Medivac  
  25  12:00  Marine  
  26  12:16  Barracks  
  26  12:18  Marine  
  27  12:36  Marine  
  28  12:37  Command Center  
  27  12:47  Terran Vehicle And Ship Armor Level 1  
  26  12:54  Marine  
  16  13:00  Siege Tank  
  19  13:11  Barracks Reactor  
  19  13:12  Marine  
  17  13:29  Marine  
  18  13:34  Factory Tech Lab  
  18  13:42  Neosteel Armor  
  18  13:45  Viking  
  18  13:47  Viking, Marine  
  23  14:05  Marine  
  21  14:15  Viking  
  20  14:17  Viking  
  20  14:23  Marine  
  18  14:41  Marine  
  18  14:45  Viking  
  21  14:53  Factory Tech Lab  
  22  15:02  Barracks Tech Lab  
  21  15:15  Viking  
  23  15:22  Hi-Sec Auto Tracking  
  23  15:31  Marine  
  24  15:36  Command Center  
  24  15:45  Viking  
  24  15:49  Marine  
  21  15:52  Viking  
  23  16:07  Marine  
  24  16:13  Thor  
  24  16:15  Viking  
  32  16:22  Viking  
  32  16:25  Marine  
  30  16:43  Marine  
  30  16:44  Viking  
  31  16:49  Refinery  
  26  17:00  Marine  
Show
View Real Time Build Order
Export as new Build Order

TATORREA Protoss 

Build Orders: Carriers 

Get SALT Encoding   

  12  0:02  Probe  
  13  0:14  Probe  
  14  0:24  Pylon  
  14  0:26  Probe  
  15  0:42  Probe  
  16  0:47  Gateway  
  16  0:56  Assimilator  
  16  0:57  Probe  
  16  0:59  Pylon  
  17  1:09  Probe  
  18  1:21  Probe  
  18  2:13  Probe  
  19  2:32  Probe  
  19  2:35  Cybernetics Core  
  20  2:39  Nexus  
  20  2:40  Pylon, Probe  
  20  2:42  Pylon  
  21  2:53  Assimilator  
  21  2:54  Probe  
  22  3:06  Probe  
  23  3:17  Probe  
  24  3:25  Probe  
  24  3:32  Warp Gate  
  24  3:33  Probe  
  25  3:39  Stargate  
  26  3:42  Assimilator, Probe  
  26  3:44  Stalker  
  29  3:48  Assimilator  
  29  3:50  Probe  
  30  3:59  Probe x2  
  32  4:11  Probe x2  
  34  4:23  Probe x2  
  36  4:25  Fleet Beacon  
  36  4:31  Probe  
  36  4:32  Probe, Stargate  
  38  4:39  Probe  
  38  4:40  Probe  
  40  4:46  Pylon  
  40  4:50  Pylon, Probe x2  
  42  5:02  Probe x2  
  44  5:10  Tempest  
  50  5:14  Probe x2  
  50  5:18  Tempest  
  56  5:26  Probe x2  
  58  5:38  Nexus  
  58  5:43  Pylon  
  58  5:47  Pylon  
  58  5:52  Probe x2  
  60  6:11  Probe x2  
  62  6:17  Carrier  
  68  6:20  Carrier  
  68  6:23  Probe x2  
  76  6:33  Assimilator  
  76  6:35  Probe x2  
  76  6:39  Assimilator  
  78  7:13  Probe  
  78  7:14  Probe  
  80  7:21  Carrier  
  86  7:24  Tempest  
  86  7:25  Probe  
  86  7:26  Probe  
  93  7:31  Cybernetics Core  
  93  7:44  Nexus  
  93  7:45  Pylon x2  
  93  7:48  Probe x2  
  93  7:49  Pylon  
  93  7:50  Pylon  
  95  7:54  Pylon  
  95  7:57  Stargate  
  95  8:00  Probe  
  95  8:01  Probe  
  97  8:07  Carrier  
  103  8:19  Probe  
  105  8:20  Probe  
  105  8:25  Tempest  
  110  8:31  Probe  
  110  8:32  Probe  
  99  9:08  Carrier  
  105  9:11  Tempest  
  110  9:18  Protoss Air Weapons Level 1  
  110  9:40  Pylon, Probe  
  110  9:41  Pylon, Probe x2  
  110  9:45  Carrier  
  119  9:46  Cybernetics Core  
  119  9:52  Probe  
  119  9:53  Probe  
  119  9:54  Tempest, Probe  
  119  9:56  Assimilator  
  127  10:02  Probe  
  127  10:03  Assimilator  
  127  10:05  Probe x2  
  127  10:06  Probe  
  131  10:12  Tempest  
  136  10:15  Probe  
  137  10:24  Protoss Air Armor Level 1  
  137  10:31  Carrier  
  137  10:32  Probe x4  
  141  10:39  Carrier  
  147  10:44  Probe x3  
  147  10:45  Probe  
  147  10:49  Tempest  
  162  11:03  Probe  
  165  11:17  Nexus  
  163  11:18  Pylon  
  163  11:22  Pylon  
  163  11:26  Assimilator  
  163  11:28  Assimilator, Carrier  
  163  11:33  Tempest  
  174  11:43  Carrier  
  134  12:16  Tempest  
  139  12:33  Carrier  
  145  12:45  Probe x2  
  145  12:46  Probe x2  
  145  12:47  Tempest  
  154  12:57  Probe  
  154  12:58  Probe x3  
  164  13:10  Probe x4  
  159  13:24  Probe x3  
  52  14:25  Probe x2  
  54  14:35  Gateway  
  54  14:37  Probe x2  
Show
View Real Time Build Order
Export as new Build Order

Dunsidian Zerg - Winner!

Build Orders: Pool First, Brood Lord Corruptor 

Get SALT Encoding   

  12  0:01  Drone  
  13  0:10  Drone  
  14  1:00  Spawning Pool  
  14  1:04  Drone  
  14  1:06  Hatchery  
  14  1:07  Overlord  
  13  1:12  Extractor  
  12  1:39  Drone  
  13  1:40  Drone x2  
  15  1:56  Drone  
  16  2:24  Drone  
  16  2:25  Drone x3  
  20  2:34  Hatchery  
  19  2:50  Metabolic Boost  
  19  2:54  Drone x2  
  21  3:07  Drone  
  21  3:08  Drone x4  
  26  3:25  Drone x2  
  28  3:34  Overlord  
  28  3:42  Extractor  
  27  3:49  Overlord x3  
  27  3:50  Overlord  
  27  3:53  Drone  
  27  3:54  Queen, Drone  
  33  3:57  Lair  
  33  3:58  Queen  
  33  4:07  Evolution Chamber  
  33  4:08  Evolution Chamber  
  31  4:14  Drone x3  
  31  4:15  Drone x2  
  36  4:18  Drone  
  37  4:29  Drone  
  37  4:30  Drone x3  
  41  4:39  Queen  
  41  4:41  Queen  
  45  4:51  Extractor  
  45  4:52  Extractor  
  43  4:56  Extractor, Drone x4  
  43  4:57  Extractor, Drone  
  46  5:00  Drone  
  46  5:02  Drone  
  46  5:03  Drone  
  49  5:14  Spire  
  48  5:22  Spire  
  47  5:30  Drone x6  
  47  5:31  Drone  
  54  5:43  Drone  
  54  5:44  Drone x5  
  60  5:55  Overlord  
  60  5:56  Overlord x2  
  60  5:57  Overlord  
  60  6:01  Overlord  
  60  6:11  Zerg Ground Armor Level 1  
  60  6:13  Zerg Melee Weapons Level 1  
  60  6:26  Drone  
  60  6:27  Drone x2  
  60  6:28  Drone  
  60  6:29  Drone x8  
  60  6:30  Drone  
  73  6:38  Zerg Flyer Weapons Level 1  
  73  6:39  Zerg Flyer Armor Level 1  
  73  7:04  Mutalisk  
  73  7:05  Mutalisk x9  
  93  7:09  Mutalisk  
  95  7:32  Mutalisk  
  95  7:35  Overlord  
  95  7:36  Overlord x10  
  97  7:53  Mutalisk x4  
  97  7:54  Mutalisk x2  
  109  8:09  Zerg Melee Weapons Level 2  
  109  8:23  Zerg Ground Armor Level 2  
  109  8:27  Pneumatized Carapace  
  107  8:52  Hatchery  
  106  8:56  Hatchery  
  106  8:57  Extractor  
  106  8:59  Extractor  
  85  9:16  Mutalisk  
  85  9:17  Mutalisk x8  
  103  9:58  Zerg Flyer Weapons Level 2  
  103  9:59  Zerg Flyer Armor Level 2  
  103  10:04  Infestation Pit  
  102  10:11  Mutalisk x3  
  102  10:13  Drone x8  
  116  10:22  Queen  
  116  10:23  Queen  
  120  10:36  Extractor  
  119  10:43  Mutalisk x3  
  119  10:44  Mutalisk x3  
  131  11:12  Extractor  
  131  11:15  Drone  
  131  11:16  Drone x15  
  146  11:24  Hive  
  140  12:11  Corruptor  
  140  12:12  Corruptor x18  
  168  12:29  Baneling Nest  
  163  12:39  Zergling x6  
  163  12:40  Zergling x24  
  166  12:52  Adrenal Glands  
  166  12:54  Zerg Ground Armor Level 3  
  166  12:55  Zerg Melee Weapons Level 3  
  166  12:58  Greater Spire  
  148  13:01  Zerg Flyer Weapons Level 3  
  138  13:21  Centrifical Hooks  
  120  13:45  Corruptor  
  120  13:46  Corruptor x7  
  120  13:48  Zergling x18  
  131  13:49  Zergling x14  
  131  14:23  Baneling x9  
  131  14:24  Baneling x26  
  131  14:25  Baneling x2  
  131  14:26  Zergling x2  
  131  14:27  Zergling x36  
  150  14:45  Drone x5  
  151  14:46  Drone x8  
  163  14:55  Brood Lord x5  
  163  14:56  Brood Lord  
  163  14:57  Brood Lord  
  155  15:09  Zergling x2  
  155  15:10  Zergling x40  
  144  15:39  Corruptor  
  144  15:40  Corruptor x11  
  147  16:16  Corruptor  
  147  16:17  Corruptor x8  
  157  16:28  Zergling x26  
  157  16:29  Zergling x2  
  162  16:57  Zergling x2  
  162  16:58  Zergling x46  
  177  17:01  Baneling  
  177  17:02  Baneling x22  
  177  17:03  Baneling x2  
Show
View Real Time Build Order
Export as new Build Order

BigBadVader Protoss - Winner!

Build Orders: Cannon Rush, Carriers 

Get SALT Encoding   

  1  0:00  Probe  
  12  0:06  Probe  
  14  0:21  Pylon  
  14  0:23  Probe  
  15  0:46  Pylon  
  15  0:51  Forge  
  15  0:59  Probe  
  16  1:11  Probe  
  17  1:26  Photon Cannon  
  17  1:31  Photon Cannon  
  17  1:39  Photon Cannon  
  17  1:45  Probe  
  17  1:57  Probe  
  18  2:01  Photon Cannon  
  18  2:05  Photon Cannon  
  18  2:12  Assimilator  
  18  2:17  Gateway  
  18  2:51  Assimilator  
  18  3:06  Cybernetics Core  
  18  3:18  Pylon  
  18  3:21  Pylon  
  18  3:27  Warp Gate  
  18  3:48  Shield Battery  
  18  3:49  Nexus  
  18  3:53  Shield Battery  
  18  3:55  Nexus  
  18  3:58  Pylon  
  18  4:04  Probe  
  19  4:12  Probe  
  19  4:13  Stalker  
  22  4:37  Gateway  
  22  4:38  Gateway  
  22  4:44  Probe  
  22  4:52  Probe  
  24  5:02  Probe x2  
  24  5:04  Probe  
  26  5:10  Probe  
  26  5:12  Probe x2  
  28  5:19  Probe  
  28  5:20  Probe  
  30  5:21  Probe  
  30  5:28  Probe  
  33  5:31  Probe  
  33  5:33  Probe  
  33  5:34  Assimilator  
  36  5:37  Assimilator  
  36  5:40  Probe  
  37  5:43  Probe  
  37  5:45  Probe  
  37  5:49  Pylon  
  39  5:53  Photon Cannon, Shield Battery  
  39  5:57  Shield Battery  
  39  6:00  Probe x2  
  39  6:03  Probe  
  42  6:12  Probe x2  
  42  6:15  Probe  
  42  6:18  Twilight Council  
  45  6:21  Robotics Facility, Probe  
  45  6:22  Probe  
  45  6:23  Probe  
  47  6:29  Probe  
  47  6:30  Probe  
  47  6:31  Probe  
  48  6:37  Assimilator  
  51  6:41  Assimilator  
  51  6:47  Pylon  
  51  6:48  Pylon  
  51  6:55  Pylon  
  51  6:56  Pylon  
  51  6:57  Probe x2  
  51  6:58  Probe  
  54  7:09  Probe x2  
  54  7:10  Probe  
  54  7:12  Blink  
  57  7:16  Stalker x2  
  57  7:17  Stalker  
  57  7:18  Protoss Air Weapons Level 1  
  63  7:24  Probe x2, Observer  
  63  7:26  Cybernetics Core  
  63  7:27  Probe  
  67  7:32  Probe x2  
  69  7:39  Probe  
  69  7:42  Nexus  
  70  7:44  Stalker  
  70  7:46  Sentry x2  
  76  7:51  Probe  
  77  8:05  Gateway x2  
  77  8:08  Shield Battery x2  
  77  8:12  Stargate  
  77  8:14  Stargate  
  77  8:15  Stargate  
  77  8:17  Stargate  
  77  8:21  Probe  
  77  8:22  Probe x2  
  80  8:29  Probe  
  80  8:30  Probe x2  
  82  8:35  Protoss Air Armor Level 1  
  82  8:36  Pylon  
  82  8:38  Pylon  
  83  8:42  Pylon  
  83  8:56  Stalker x3  
  89  9:05  Photon Cannon  
  89  9:07  Assimilator  
  89  9:09  Photon Cannon  
  89  9:10  Photon Cannon  
  89  9:11  Pylon  
  89  9:13  Assimilator  
  89  9:15  Pylon  
  89  9:17  Shield Battery  
  89  9:22  Fleet Beacon  
  89  9:48  Probe x4  
  93  9:58  Carrier x4  
  93  10:00  Probe x2  
  119  10:20  Pylon  
  119  10:22  Pylon  
  119  10:25  Pylon  
  119  10:26  Protoss Air Weapons Level 2  
  119  10:28  Protoss Air Armor Level 2, Pylon  
  119  10:32  Pylon  
  119  10:33  Unknown  
  119  10:40  Stargate  
  119  10:43  Zealot  
  119  10:44  Zealot x3  
  119  10:45  Zealot  
  129  11:01  Tempest  
  129  11:02  Tempest  
  139  11:11  Stalker  
  139  11:12  Stalker x3, Tempest  
  139  11:13  Stalker  
  154  11:30  Void Ray  
  154  11:34  Void Ray  
  154  11:43  Charge  
  154  11:44  Void Ray  
  166  11:51  Void Ray, Zealot x2  
  166  11:52  Zealot x3  
  176  11:54  Protoss Shields Level 1  
  180  12:13  Carrier  
  186  12:17  Phoenix  
  188  12:32  Tempest  
  188  12:33  Void Ray  
  197  12:50  Phoenix  
  199  12:55  Protoss Air Weapons Level 3  
  199  13:05  Protoss Air Armor Level 3  
  191  13:35  Tempest  
  191  13:40  Tempest  
  184  13:56  Tempest x2  
  184  13:57  Tempest  
  161  14:22  Void Ray, Nexus  
  161  14:26  Void Ray  
  161  14:28  Nexus  
  161  14:29  Carrier  
  161  14:31  Pylon  
  169  14:32  Pylon  
  169  14:35  Protoss Shields Level 2, Pylon  
  169  14:37  Pylon  
  169  14:39  Void Ray, Pylon  
  169  14:41  Pylon  
  171  14:47  Assimilator  
  171  14:51  Carrier  
  171  14:52  Assimilator  
  171  14:55  Carrier  
  171  14:59  Assimilator, Carrier  
  171  15:03  Stargate  
  183  15:27  Void Ray x2  
  171  15:54  Phoenix  
  171  15:55  Void Ray  
  170  16:00  Tempest  
  170  16:03  Phoenix x2  
  169  16:10  Phoenix  
  178  16:19  Tempest  
  178  16:25  Tempest  
  173  16:26  Stalker x5  
  173  16:28  Tempest  
  191  16:38  Tempest  
  181  17:16  Assimilator  
Show
View Real Time Build Order
Export as new Build Order

BigBadstoner Terran - Winner!

Build Orders:  

Get SALT Encoding   

  12  0:02  SCV  
  13  0:21  Supply Depot  
  13  0:46  Barracks  
  13  0:51  Barracks  
  13  0:54  Refinery  
  13  1:00  Refinery  
  13  1:02  SCV  
  14  1:14  SCV  
  15  1:26  SCV  
  16  1:35  Supply Depot  
  16  1:37  Barracks Reactor  
  16  1:53  Barracks Reactor  
  16  1:59  Orbital Command  
  16  2:15  Engineering Bay  
  16  2:28  SCV  
  17  2:40  SCV  
  17  2:43  Barracks  
  18  3:07  SCV  
  20  3:12  Reaper  
  20  3:13  Reaper x3  
  20  3:19  SCV  
  24  3:31  SCV  
  24  3:32  Barracks Tech Lab  
  25  3:43  SCV  
  25  3:45  Reaper x4  
  31  3:55  SCV  
  31  3:57  Command Center  
  31  3:58  Stimpack  
  31  4:34  Supply Depot  
  31  4:38  Supply Depot  
  31  4:57  Supply Depot  
  31  5:03  Reaper  
  31  5:04  Missile Turret, Reaper x3  
  36  5:11  Marine  
  36  5:19  Orbital Command  
  36  5:24  Refinery  
  36  5:29  Marine  
  37  5:35  Reaper  
  37  5:36  Marine x2, Reaper  
  41  5:46  Marine  
  42  5:53  Marine x2  
  44  6:04  Marine  
  44  6:07  Marine x2  
  47  6:11  Marine x2  
  47  6:13  SCV  
  50  6:22  Marine  
  50  6:25  SCV  
  52  6:30  Marine x4  
  56  6:37  SCV  
  57  6:40  Marine, Terran Infantry Weapons Level 1  
  57  6:43  Combat Shield  
  58  6:48  Marine x4  
  58  6:49  SCV  
  63  6:55  Refinery  
  63  6:58  Marine  
  63  7:01  SCV, Missile Turret  
  65  7:05  Marine  
  65  7:06  Marine x2  
  68  7:14  Marine  
  69  7:15  Marine  
  70  7:29  Supply Depot  
  70  7:33  Marine x5  
  73  7:51  Marine x5  
  73  7:54  Supply Depot  
  73  8:09  Marine x4  
  70  8:34  Terran Infantry Armor Level 1  
  70  9:12  Marine x2  
  70  9:13  Marine x3  
  75  9:24  SCV  
  75  9:30  Marine x3  
  75  9:31  Marine x2  
  81  9:32  Supply Depot  
  81  9:37  SCV  
  82  9:48  Marine x5  
  82  9:49  SCV  
  82  9:52  Factory  
  88  9:54  Supply Depot  
  88  9:57  Factory  
  88  10:01  SCV  
  88  10:06  Marine x5  
  94  10:13  SCV  
  92  10:17  Supply Depot  
  65  10:24  Marine x5  
  65  10:25  SCV  
  63  10:40  Supply Depot  
  63  10:41  Marine  
  63  10:42  Marine x4, Factory Tech Lab  
  68  10:44  Factory Tech Lab  
  68  10:53  Armory  
  68  11:00  Starport, Marine  
  68  11:03  Supply Depot  
  69  11:04  Starport x2  
  69  11:15  SCV  
  70  11:25  Supply Depot  
  70  11:27  SCV  
  70  11:28  Cyclone x2  
  78  11:40  SCV  
  78  11:48  Supply Depot  
  78  11:52  SCV  
  78  12:00  Cyclone x2  
  84  12:04  SCV  
  85  12:16  SCV  
  86  12:25  Starport Tech Lab x3  
  86  12:32  Cyclone  
  86  12:33  Fusion Core, Cyclone  
  88  13:04  Cyclone  
  62  13:45  Terran Vehicle And Ship Armor Level 1  
  62  13:52  Weapon Refit  
  62  14:05  Battlecruiser  
  62  14:07  Battlecruiser  
  62  14:09  Battlecruiser  
  71  14:32  Starport  
  64  14:41  Marine  
  64  14:42  Marine x4  
  69  14:59  Marine x2  
  70  15:00  Marine x3  
  74  15:08  Starport  
  74  15:11  Battlecruiser  
  74  15:13  Battlecruiser  
  86  15:17  Marine x3  
  86  15:18  Marine x2  
  91  15:22  Battlecruiser  
  97  15:35  Marine x4, Starport Tech Lab  
  98  15:36  Marine  
  102  15:53  Marine x5  
  107  16:10  Marine  
  107  16:11  Marine x2  
  109  16:15  Battlecruiser  
  126  17:17  Starport Tech Lab  
Tags
 
Add a new tag
Caveats
  • Supply blocks, unpowered buildings, or Contaminate may cause inaccurate times.
  • Supply counts are checked every 10 seconds.